 Dungeon Crawl Stone Soup version 0.27-a0-1188-g73eefd5def (webtiles) character file.

Game seed: 16390543412796777611

1195 spiderkeys the Skirmisher (level 8, 0/64 HPs)
             Began as a Formicid Abyssal Knight on May 20, 2021.
             Was a Priest of Lugonu.
             Slain by a water moccasin (7 damage)
             ... on level 7 of the Dungeon.
             The game lasted 00:12:01 (8304 turns).

spiderkeys the Skirmisher (Formicid Abyssal Knight) Turns: 8304, Time: 00:12:01

Health: 0/64       AC:  8    Str: 19    XL:     8   Next: 72%
Magic:  12/12      EV: 10    Int: 18    God:    Lugonu [***...]
Gold:   284        SH:  0    Dex: 10    Spells: 7/7 levels left

rFire    . . .     SeeInvis +   c - +0 trident (protect)
rCold    . . .     Faith    .   (no shield)
rNeg     . . .     Spirit   .   w - +1 ring mail {rPois}
rPois    +         Reflect  .   (helmet unavailable)
rElec    .         Harm     .   (no cloak)
rCorr    .         Rampage  .   (no gloves)
Will     .....                  k - +0 pair of boots
Stlth    ..........             y - amulet of magic regeneration
HPRegen  0.20/turn              I - +6 ring of intelligence
MPRegen  0.38/turn              (no ring)

@: confused
A: permanent stasis, dig shafts and tunnels, antennae 3, four strong arms
a: Dig, Shaft Self, Renounce Religion, Depart the Abyss, Bend Space, Banish


You were on level 7 of the Dungeon.
You worshipped Lugonu.
Lugonu was most pleased with you.
You visited 1 branch of the dungeon, and saw 7 of its levels.
You visited the Abyss 1 time.

You collected 284 gold pieces.


Innate Abilities, Weirdness & Mutations

You cannot be hasted, slowed, berserked, paralysed or teleported.
You can dig through walls and to a lower floor.
You have a pair of large antennae on your head. (SInv)
Your four strong arms can wield two-handed weapons with a shield.


   Skills:
 + Level 6.3 Fighting
 + Level 5.2 Polearms
 + Level 5.7 Armour
 - Level 1.0 Dodging
 + Level 6.2 Invocations


You had 7 spell levels left.
You didn't know any spells.
Your spell library contained the following spells:

 Spells                   Type           Power      Damage    Failure   Level
 Beastly Appendage        Tmut           0%         N/A       34%         1
 Freeze                   Ice            0%         1d3       34%         1
 Wereblood                Tmut           0%         N/A       47%         2
 Frozen Ramparts          Ice            0%         1d2       71%         3
 Ozocubu's Armour         Ice            0%         N/A       71%         3
 Spider Form              Tmut/Pois      0%         N/A       71%         3
 Hailstorm                Conj/Ice       0%         3d3       98%         4
 Ice Form                 Ice/Tmut       0%         N/A       98%         4
 Hydra Form               Tmut           0%         N/A       100%        5
 Metabolic Englaciation   Hex/Ice        0%         N/A       100%        5

Inventory:

Hand Weapons
 c - a +0 trident of protection (weapon)
   (You acquired it on level 2 of the Abyss)
Missiles
 f - 35 sling bullets
 g - 226 stones
 j - 62 arrows
 p - 26 bolts
 s - 4 boomerangs
 v - 2 poisoned darts
Armour
 k - a +0 pair of boots (worn)
   (You found it on level 2 of the Dungeon)
 w - a +1 ring mail of poison resistance (worn)
   (You took it off a gnoll sergeant on level 5 of the Dungeon)
Jewellery
 y - an amulet of magic regeneration (around neck)
   (You found it on level 5 of the Dungeon)
 I - a +6 ring of intelligence (left hand)
   (You found it on level 3 of the Dungeon)
 W - a ring of magical power
   (You found it on level 6 of the Dungeon)
Scrolls
 a - 2 scrolls of enchant armour
 m - a scroll of amnesia
 x - a scroll of immolation {!r!r}
 B - a scroll of vulnerability {!r!r}
Potions
 b - a potion of mutation {!q}
 d - 2 potions of flight
 e - a potion of curing {@q1}
 h - 3 potions of magic
 i - a potion of might
 l - 3 potions of heal wounds {@q2}
 n - a potion of degeneration {unknown}
 o - a potion of haste {unknown}
 q - a potion of lignification {unknown}
 r - a potion of brilliance {unknown}
 A - a potion of resistance {unknown}

Dungeon Overview and Level Annotations

Branches:
Dungeon (7/15)             Temple (0/1) D:5

Altars:
Kikubaaqudgha
Uskayaw

Shops:
D:4 [ D:5

( o# .. .. .#...
.#$###+ .#.##
.....#.###oo...
...........
.###.#.....##.##
................
#..o.c# ##@####
#..S......
...5......#
#...........#
+...........#
#..?........#
###...#######
#...#


You could see a water moccasin, a centaur, an orc priest, an orc wizard
(invisible), a white imp and an orc.


Message History

You take 21 damage, and now have 43/64 hp.
MASSIVE DAMAGE!! (PAUSE)
The orc warrior hits you from afar with a +0 glaive!!
* * * LOW HITPOINT WARNING * * *
The orc closely misses you.
You climb upwards.
There is a stone staircase leading down, spattered with blood here. 😨 HP[-19]
You take 19 damage, and now have 24/64 hp.
MASSIVE DAMAGE!! (PAUSE)
You hit the orc but do no damage.
Your weapon exudes an aura of protection.
The orc barely misses you.
You closely miss the orc. The orc closely misses you.
You barely miss the orc. The orc hits you with a +0 hand axe.
* * * LOW HITPOINT WARNING * * *
😨 HP[-5]
You take 5 damage, and now have 19/64 hp.
You hit the orc but do no damage.
Your weapon exudes an aura of protection.
The orc closely misses you.
You hit the orc but do no damage.
The orc hits you but does no damage. 😨 HP[+1]
You puncture the orc!
You kill the orc!
Lugonu accepts your kill.
Things that are here:
a +0 hand axe; a +0 chain mail; an orc corpse 😨 HP[+1] 😨 HP[+1]
There is a stone staircase leading down here. 😨 HP[+7]
You regained 7 hp, and now have 29/64 hp.
You climb downwards.
You hear the hiss of flowing sand.
There is an entrance to an ossuary on this level.
Hurry and find it before the portal is buried!
You hear the brisk hiss of a distant avalanche of sand.
The orc hits you but does no damage. The orc barely misses you.
There is a stone staircase leading up here.
The orc closely misses you.
You climb upwards.
There is a stone staircase leading down here. 😨 HP[+1]
You closely miss the orc. The orc closely misses you.
You puncture the orc!
Your weapon exudes an aura of protection.
The orc closely misses you.
You puncture the orc!
You kill the orc!
Lugonu accepts your kill. 😨 HP[+1]
You see here a +0 club.
There is a stone staircase leading down here. 😮 HP[+8]
You regained 8 hp, and now have 39/64 hp.
You climb downwards.
You hear the hiss of flowing sand.
There is an entrance to an ossuary on this level.
Hurry and find it before the portal is buried!
An orc and an orc wizard come into view.
The orc shouts!
You hear a shout! x2
An orc priest comes into view. It is wielding a +0 flail.
The orc priest looks braver for a moment.
You hear a shout!
There is a stone staircase leading up here.
You hear the quick hiss of an avalanche of sand nearby.
A centaur comes into view.
The orc wizard points at you and mumbles some strange words.
The magic dart hits you but does no damage.
The centaur wields a +0 shortbow.
The centaur shoots an arrow.
The arrow misses you.
You are too injured to fight recklessly!
You extend your mandibles.
You dig through the rock wall.
A water moccasin and a white imp come into view.
The water moccasin hisses angrily.
The white imp shouts!
The centaur shoots an arrow.
The arrow hits you!
* * * LOW HITPOINT WARNING * * *
The white imp gestures at you. The puff of frost hits you!
* * * LOW HITPOINT WARNING * * *
The water moccasin bites you.
* * * LOW HITPOINT WARNING * * *
The orc priest calls down the wrath of Beogh upon you.
Beogh smites you!
* * * LOW HITPOINT WARNING * * *
😱 HP[-31]
You take 31 damage, and now have 8/64 hp.
MASSIVE DAMAGE!! (PAUSE) Are you sure you want to shaft yourself?
The centaur shoots an arrow.
The arrow completely misses you. The water moccasin closely misses you.
The orc wizard gestures at you while chanting.
You are confused.
You begin to dig a shaft.
You continue digging a shaft.
The water moccasin bites you.
* * * LOW HITPOINT WARNING * * *
The orc wizard gestures at itself while chanting.
The orc wizard flickers and vanishes for a moment.
The orc closely misses you. The water moccasin bites you!
You die...

Skill      XL: |  1  2  3  4  5  6  7  8 |
---------------+-------------------------+-----
Dodging        | 1 |  1.0
Invocations    | 3 4 5 6 |  6.2
Armour         | 3 4 5 |  5.7
Fighting       | 4 5 6 |  6.3
Polearms       | 3 4 5 |  5.2

Action                   |  1- 3 |  4- 6 |  7- 9 || total
-------------------------+-------+-------+-------++-------
Melee: Trident           |    79 |   331 |   268 ||   678
Invok: Depart the Abyss  |     1 |       |       ||     1
       Banish            |       |       |     1 ||     1
 Abil: Dig               |       |     1 |     1 ||     2
       Shaft Self        |       |       |     1 ||     1
  Use: Scroll            |     3 |     5 |     5 ||    13
       Potion            |       |       |     3 ||     3
Armor: Leather armour    |    37 |   120 |       ||   157
       Chain mail        |       |    62 |    70 ||   132
       Ring mail         |       |       |    73 ||    73
Dodge: Dodged            |    58 |   194 |   151 ||   403

Levels and vault maps discovered:
D:1:      amcnicky_arrival_gap_in_the_tavern_cellar, layout_loops_ring,
          shapermc_ecumenical_altar_venn, hex_large, serial_bayou_lake_a
D:2:      layout_basic, basic_altar, minmay_close_crescents
D:3:      layout_loops_cross, chequers_mini_garden, grunt_decor_fettered
D:4:      cheibrodos_greedy_goblins, layout_basic, serial_shops, shop
D:5:      corexii_shantytown, layout_basic, minmay_temple_entry_oklob,
          serial_shops, kennysheep_mini
D:6:      layout_rooms, amcnicky_altar_gilded, small_statue_intersection
D:7:      layout_basic, nicolae_ossuary_entry_false_entrances,
          kennysheep_generic_room_11

Notes
Turn   | Place    | Note
-------+----------+-------------------------------------------
     0 | Abyss:1  | spiderkeys the Formicid Abyssal Knight began the quest for
                  | the Orb.
     0 | Abyss:1  | Reached XP level 1. HP: 18/18 MP: 2/2
     0 | Abyss:1  | magus.rc [v1.9.10]
     8 | Abyss:1  | Noticed a vampire knight
    76 | Abyss:2  | Noticed a small abomination
    81 | Abyss:2  | Identified a scroll of acquirement
    81 | Abyss:2  | Acquired a +0 trident of protection
    85 | D:1      | You pass through the gate.
    85 | D:1      | Escaped the Abyss
   185 | D:1      | Found a faded altar of an unknown god.
   221 | D:1      | You pick up a book of Changes and begin reading...
   221 | D:1      | You add the spells Beastly Appendage, Wereblood, Spider
                  | Form, Ice Form and Hydra Form to your library.
   309 | D:1      | Reached skill level 1 in Dodging
   329 | D:1      | Reached XP level 2. HP: 18/24 MP: 3/3
   406 | D:1      | Reached * piety under Lugonu
   574 | D:1      | Reached XP level 3. HP: 25/29 MP: 4/4
  1072 | D:2      | HP: 5/30 [gnoll/+0 flail (4)]
  1073 | D:2      | HP: 2/30 [gnoll/+0 flail (3)]
  1076 | D:2      | Reached skill level 3 in Invocations
  1076 | D:2      | Reached XP level 4. HP: 3/37 MP: 6/6
  1498 | D:2      | Reached skill level 3 in Armour
  1656 | D:2      | Found a hide-covered altar of Uskayaw.
  2116 | D:3      | Reached skill level 4 in Fighting
  2238 | D:3      | Reached ** piety under Lugonu
  2243 | D:3      | Reached XP level 5. HP: 36/42 MP: 7/7
  2548 | D:3      | Reached skill level 3 in Polearms
  3924 | D:4      | Found Xautwon's Armour Shoppe.
  3994 | D:4      | Noticed a black bear
  4015 | D:4      | HP: 9/43 [black bear (3)]
  4016 | D:4      | Killed a black bear
  4017 | D:4      | Reached skill level 4 in Invocations
  4017 | D:4      | Reached XP level 6. HP: 11/49 MP: 7/9
  4436 | D:4      | Reached skill level 4 in Armour
  4766 | D:4      | You pick up a book of Frost and begin reading...
  4766 | D:4      | You add the spells Freeze, Frozen Ramparts, Ozocubu's
                  | Armour, Hailstorm and Metabolic Englaciation to your
                  | library.
  4834 | D:5      | Entered Level 5 of the Dungeon
  4835 | D:5      | Found a staircase to the Ecumenical Temple.
  4911 | D:5      | Reached XP level 7. HP: 55/55 MP: 10/10
  4991 | D:5      | Reached *** piety under Lugonu
  5138 | D:5      | Found Weghab's Weapon Shop.
  5217 | D:5      | Reached skill level 5 in Fighting
  5601 | D:5      | Reached skill level 4 in Polearms
  5883 | D:5      | Reached skill level 5 in Invocations
  6483 | D:5      | Reached XP level 8. HP: 54/63 MP: 10/12
  6488 | D:5      | Reached skill level 5 in Armour
  6718 | D:5      | Identified the +6 falchion "Okielel" {antimagic, rC+ Str+4}
  7082 | D:6      | Found an ancient bone altar of Kikubaaqudgha.
  7168 | D:6      | Reached skill level 6 in Fighting
  7168 | D:6      | Reached skill level 5 in Polearms
  7168 | D:6      | Reached skill level 6 in Invocations
  7933 | D:6      | HP: 13/64 [killer bee (4)]
  7943 | D:6      | HP: 15/64 [killer bee (4)]
  8302 | D:7      | HP: 8/64 [orc priest/divine providence (13)]
  8304 | D:7      | Slain by a water moccasin

Vanquished Creatures
  A black bear (D:4)
  A sky beast (D:6)
  An ogre (D:5)
  2 phantoms
  A bullfrog (D:6)
  A gnoll sergeant (D:5)
  A scorpion (D:6)
  An oklob sapling (D:5)
  2 killer bees (D:6)
  A hound (D:5)
  A scorpion zombie (D:5)
  14 gnolls
  5 adders
  4 worms
  3 dart slugs (D:1)
  9 orcs
  5 ball pythons
  3 endoplasms
  2 giant cockroaches
  19 goblins
  18 hobgoblins
  15 jackals
  2 quokkas
  9 bats
  5 frilled lizards
  15 kobolds
  6 rats
147 creatures vanquished.

Vanquished Creatures (others)
  16 plants (D:5)
16 creatures vanquished.

Grand Total: 163 creatures vanquished

Table legend:
 A = Non-vault XP
 B = Vault XP
 C = Vault XP percentage of total XP
 D = Non-vault monster count
 E = Vault monster count
 F = Vault count percentage of total count
                 A         B        C        D         E       F
            +---------+---------+-------+---------+---------+-------
      Total |    1510 |     198 |  11.6 |     101 |      47 |  31.8
            +---------+---------+-------+---------+---------+-------
        D:1 |      36 |       0 |   0.0 |      19 |       0 |   0.0
        D:2 |      63 |       5 |   7.4 |      16 |       4 |  20.0
        D:3 |     105 |       0 |   0.0 |      29 |       0 |   0.0
        D:4 |     305 |      22 |   6.7 |      18 |      11 |  37.9
        D:5 |     450 |     171 |  27.5 |      10 |      32 |  76.2
        D:6 |     551 |       0 |   0.0 |       9 |       0 |   0.0
            +---------+---------+-------+---------+---------+-------

Illustrated notes

Table legend:
 A = Kills in this place as a percentage of kills in entire the game.
 B = Kills by you in this place as a percentage of kills by you in the entire game.
 C = Kills by friends in this place as a percentage of kills by friends in the entire game.
 D = Other kills in this place as a percentage of other kills in the entire game.
 E = Experience gained in this place as a percentage of experience gained in the entire game.
 F = Experience gained in this place divided by the number of levels of this place that you have seen.
                   A       B       C       D       E      F
               +-------+-------+-------+-------+-------+----------------------
         Total | 100.0 | 100.0 |   N/A | 100.0 | 100.0 | 189.8
       Dungeon | 100.0 | 100.0 |   N/A | 100.0 | 100.0 | 244.0
               +-------+-------+-------+-------+-------+----------------------

Table legend: (Time is in decaauts)
 A = Elapsed time spent in this place.
 B = Non-inter-level travel time spent in this place.
 C = Inter-level travel time spent in this place.
 D = Time resting spent in this place.
 E = Time spent auto-exploring this place.
 F = Levels seen in this place.
 G = Mean time per level.
                   A        B        C        D        E       F      G
               +--------+--------+--------+--------+--------+-----+--------+
         Total |   8417 |   8170 |    247 |   1359 |   5432 |   9 |  935.2 |
       Dungeon |   8332 |   8085 |    247 |   1359 |   5424 |   7 | 1190.3 |
         Abyss |     84 |     84 |      0 |      0 |      8 |   2 |   42.0 |
               +--------+--------+--------+--------+--------+-----+--------+

Top non-repeatable levels by time:
     D:4: 2013 daAuts
     D:5: 1926 daAuts
     D:6: 1212 daAuts
     D:2: 1122 daAuts
     D:3: 1092 daAuts
     D:1: 943 daAuts
 Abyss:1: 54 daAuts
 Abyss:2: 30 daAuts
     D:7: 22 daAuts
